AoeStats
← _WizarD_

Arena

509778098Analyzed
4v4 RM · 5d ago on Sep 28, 2026· 88m 47s· 8 players
Game mode
Random Map
Map size
Large (8 player)
Population
200
Speed
Normal
Resources
Standard
Victory
Conquest
Starting age
Dark Age
Ending age
Imperial Age
RankedLock teamsTeams togetherTeam positionsShared explorationLock speedFull tech treeHidden civsTurbo modeCheats
Victory
Defeat
🇻🇳 Koreans · Vietnam
1454
+12
🇺🇸 Byzantines · United States
1432
+13
🇺🇸 Huns · United States
1419
+14
🇲🇽 Spanish · Mexico
1416
+14
🇦🇷 Varangians · Argentina
1412
-15
🇨🇱 Celts · Chile
1388
-14
🇦🇷 Khmer · Argentina
1358
-13
🇺🇸 Mongols · United States
1323
-11
PaRappa56
10:27 Feudal Age
14:02 Castle Age
12:49 Double-Bit Axe
12:46 Horse Collar
13:32 Loom
22:40 Redemption
23:58 Atonement
25:45 Gold Mining
25:46 Stone Mining
26:24 Bow Saw
27:41 Wheelbarrow
27:46 Heavy Plow
31:26 Imperial Age
29:53 Scale Mail Armor
30:04 Forging
30:30 Hand Cart
29:49 Pikeman
30:30 Squires
31:26 Chain Mail Armor
33:22 Chemistry
32:37 Halberdier
33:41 Arson
33:46 Man-at-Arms
34:11 Gambesons
34:58 Plate Mail Armor
35:07 Iron Casting
35:36 Fletching
35:20 Long Swordsman
36:39 Two-Handed Swordsman
38:06 Conscription
38:22 Hoardings
39:11 Two-Man Saw
38:39 Bodkin Arrow
38:44 Padded Archer Armor
39:08 Ballistics
38:44 Murder Holes
39:27 Bombard Tower
38:51 Treadmill Crane
39:12 Elite Skirmisher
39:18 Champion
40:15 Caravan
40:51 Coinage
40:31 Guilds
40:43 Thumb Ring
40:41 Bracer
40:57 Leather Archer Armor
43:29 Ring Archer Armor
44:42 Gold Shaft Mining
44:42 Stone Shaft Mining
49:47 Banking
MEX_Angel_Tj
7:45 Loom
9:45 Feudal Age
14:57 Castle Age
13:31 Horse Collar
14:39 Double-Bit Axe
22:46 Husbandry
25:00 Wheelbarrow
26:08 Bloodlines
33:15 Imperial Age
32:14 Hand Cart
32:19 Gold Mining
32:48 Bow Saw
34:59 Chemistry
34:21 Ballistics
34:08 Padded Archer Armor
35:11 Conscription
35:16 Leather Archer Armor
37:16 Two-Man Saw
39:34 Elite Conquistador
42:23 Inquisition
43:38 Light Cavalry
44:25 Scale Barding Armor
44:31 Forging
44:51 Ring Archer Armor
47:30 Masonry
47:26 Stone Mining
46:59 Hussar
49:09 Chain Barding Armor
49:24 Iron Casting
49:41 Heavy Plow
58:18 Capped Ram
59:56 Elite Skirmisher
61:10 Fletching
63:19 Town Watch
67:17 Bodkin Arrow
68:27 Blast Furnace
68:09 Murder Holes
69:13 Caravan
78:13 Scale Mail Armor
77:35 Pikeman
78:16 Squires
78:17 Halberdier
thanh7531
10:01 Feudal Age
15:10 Castle Age
13:27 Double-Bit Axe
13:59 Horse Collar
15:55 Wheelbarrow
17:53 Loom
23:57 Town Watch
30:01 Imperial Age
28:17 Hand Cart
28:36 Fletching
29:04 Bow Saw
28:56 Heavy Plow
28:53 Crossbowman
30:32 Bodkin Arrow
30:52 Thumb Ring
31:23 Arbalester
33:55 Gold Mining
33:44 Elite Skirmisher
34:27 Bracer
35:25 Man-at-Arms
36:59 Long Swordsman
37:39 Squires
38:33 Scale Mail Armor
38:43 Forging
38:56 Ballistics
39:39 Chemistry
38:27 Arrowslits
39:46 Two-Man Saw
40:29 Pikeman
42:10 Iron Casting
41:46 Fortified Wall
41:19 Treadmill Crane
42:26 Halberdier
44:28 Chain Mail Armor
44:40 Eupseong
45:02 Conscription
45:57 Town Patrol
46:22 Masonry
46:44 Plate Mail Armor
48:16 Caravan
49:30 Coinage
51:42 Banking
54:34 Guilds
69:38 Arson
76:51 Light Cavalry
77:31 Husbandry
78:00 Hussar
82:00 Scale Barding Armor
_WizarD_
11:58 Feudal Age
15:34 Castle Age
13:53 Double-Bit Axe
13:50 Horse Collar
14:02 Gold Mining
17:00 Wheelbarrow
16:56 Bow Saw
17:52 Heavy Plow
27:53 Imperial Age
25:48 Scale Barding Armor
25:54 Forging
26:50 Loom
27:12 Husbandry
27:25 Bloodlines
27:37 Chain Barding Armor
27:35 Stone Mining
28:28 Iron Casting
27:54 Cavalier
29:33 Plate Barding Armor
29:07 Paladin
31:24 Two-Man Saw
31:37 Hand Cart
31:07 Town Watch
33:48 Blast Furnace
35:09 Gold Shaft Mining
36:40 Town Patrol
42:43 Light Cavalry
44:55 Hussar
48:23 Caravan
55:43 Ballistics
56:24 Chemistry
67:34 Fletching
67:45 Padded Archer Armor
67:58 Masonry
67:19 Elite Skirmisher
68:05 Thumb Ring
68:19 Bodkin Arrow
70:12 Bracer
70:28 Leather Archer Armor
87:49 Scale Mail Armor
chiwire
9:05 Feudal Age
13:14 Castle Age
11:21 Double-Bit Axe
12:48 Horse Collar
14:22 Bow Saw
14:56 Loom
17:23 Fervor
21:20 Gold Mining
22:21 Wheelbarrow
23:50 Gold Shaft Mining
23:26 Stone Mining
28:25 Imperial Age
26:15 Padded Archer Armor
26:06 Fletching
27:27 Leather Archer Armor
27:34 Hand Cart
28:02 Bodkin Arrow
28:30 Ballistics
28:43 Elite Mangudai
29:44 Conscription
29:37 Heavy Plow
29:36 Town Watch
30:55 Chemistry
31:07 Bracer
32:27 Bloodlines
32:17 Husbandry
32:45 Parthian Tactics
32:26 Thumb Ring
31:48 Capped Ram
32:37 Siege Ram
36:02 Light Cavalry
36:49 Hussar
38:05 Scale Barding Armor
38:10 Forging
40:00 Drill
41:16 Chain Barding Armor
41:32 Iron Casting
45:45 Blast Furnace
50:01 Caravan
56:42 Elite Skirmisher
60:54 Elite Steppe Lancer
68:22 Heavy Scorpion
76:47 Siege Engineers
80:42 Fortified Wall
CTM | Franco*
5:14 Loom
9:45 Feudal Age
13:25 Castle Age
12:18 Double-Bit Axe
19:37 Bow Saw
19:35 Horse Collar
24:33 Heavy Plow
25:57 Gold Mining
26:43 Ballistics
27:20 Wheelbarrow
26:38 Town Watch
27:05 Stone Mining
28:37 Gold Shaft Mining
29:04 Fortified Wall
30:15 Hand Cart
34:03 Imperial Age
34:07 Heavy Scorpion
35:51 Chemistry
36:12 Siege Engineers
37:39 Double Crossbow
37:59 Conscription
48:35 Caravan
50:44 Crop Rotation
52:08 Pikeman
53:12 Forging
53:13 Scale Mail Armor
53:42 Arson
55:03 Chain Mail Armor
55:27 Iron Casting
54:42 Fletching
56:01 Halberdier
58:32 Blast Furnace
69:58 Bodkin Arrow
Nenji
10:38 Feudal Age
14:23 Castle Age
13:40 Double-Bit Axe
13:54 Gold Mining
14:30 Loom
27:10 Horse Collar
34:07 Wheelbarrow
35:49 Bow Saw
37:53 Pikeman
42:21 Imperial Age
39:32 Man-at-Arms
39:57 Gambesons
42:32 Ballistics
45:22 Heavy Plow
45:58 Forging
45:49 Scale Mail Armor
46:21 Capped Ram
47:52 Hand Cart
49:57 Iron Casting
49:37 Chain Mail Armor
50:41 Chain Mail Armor
51:20 Conscription
51:41 Gold Shaft Mining
51:46 Siege Engineers
52:18 Plate Mail Armor
51:44 Heavy Scorpion
51:51 Long Swordsman
53:01 Caravan
53:00 Arson
52:41 Siege Ram
54:25 Halberdier
CTM | Severo24cm
10:25 Feudal Age
11:40 Loom
14:51 Castle Age
12:55 Double-Bit Axe
13:25 Horse Collar
16:22 Bow Saw
20:17 Heavy Plow
26:36 Wheelbarrow
25:47 Town Watch
27:48 Treadmill Crane
31:06 Imperial Age
28:45 Stone Mining
28:45 Gold Mining
29:50 Fortified Wall
29:46 Fletching
31:03 Masonry
31:48 Hand Cart
32:18 Conscription
31:53 Vendel Legacy
33:48 Two-Man Saw
33:20 Crop Rotation
33:04 Bodkin Arrow
33:10 Scale Mail Armor
34:18 Chemistry
34:44 Stone Shaft Mining
34:24 Forging
34:14 Bracer
34:14 Padded Archer Armor
35:52 Coinage
35:35 Bloodlines
35:25 Husbandry
35:00 Cavalier
36:18 Squires
36:03 Arson
35:38 Elite Varangian Guard
36:37 Chain Mail Armor
36:57 Iron Casting
36:38 Leather Archer Armor
36:38 Scale Barding Armor
36:01 Pikeman
36:26 Gambesons
37:11 Murder Holes
37:37 Ballistics
38:08 Iron Casting
38:22 Architecture
37:25 Halberdier
38:39 Gothikon
39:49 Chain Barding Armor
40:30 Blast Furnace
40:00 Plate Mail Armor
41:07 Plate Mail Armor
40:33 Light Cavalry
42:50 Plate Barding Armor
43:09 Capped Ram
44:38 Hussar
45:02 Siege Ram
47:35 Town Patrol
50:35 Guilds
50:55 Banking
50:26 Caravan
54:40 Siege Engineers
Connection lost

Rejoining the realm…

Still unreachable

The connection could not be restored.

Session expired

The server has moved on; the page needs a fresh start.